Cogmind - Beta 13 @@@ ROGUE MODE // 2024.04.09 @ 20:17:44 Player: Sightsear Result: Destroyed by D-53 Grenadier with Mini Grenade Launcher Performance ------------- Evolutions (0) 0 Regions Visited (2) 400 Robots Destroyed (12) 60 Value Destroyed (368) 368 Prototype IDs (2) 40 Alien Tech Used (0) 0 Bonus (0) 0 TOTAL SCORE: 868 Bonus ------- None Cogmind --------- Core Integrity 0/250 Matter 300/300 Energy 100/100 System Corruption 0% Temperature Cool (0) Movement Walking (190) Ox1 Location -10/Mines Parts ------- > --- POWER (1) -------- (None) > --- PROPULSION (2) --- Aluminum Leg > --- UTILITY (2) ------ Medium Storage Unit Signal Interpreter > --- WEAPON (2) ------- Beamcaster Assault Rifle > --- INVENTORY (10) --- Improved Ion Engine Aluminum Leg Heat Sink Large Matter Pod (150) High-capacity Matter Pod (111) Experimental Sensor Array Power Shielding Propulsion Shielding Weapon Shielding Rocket Launcher Peak State ------------ > --- POWER ------------ Light Nuclear Core > --- PROPULSION ------- Aluminum Leg Carbon-fiber Leg > --- UTILITY ---------- Medium Storage Unit Signal Interpreter > --- WEAPON ----------- Beamcaster Assault Rifle > --- INVENTORY -------- Improved Ion Engine Aluminum Leg Heat Sink Large Matter Pod High-capacity Matter Pod Experimental Sensor Array Power Shielding Propulsion Shielding Weapon Shielding Rocket Launcher [Rating: 17] Favorites ----------- Power Light Nuclear Core Engine Light Ion Engine Power Core Light Nuclear Core Propulsion Aluminum Leg Treads Light Treads Leg Aluminum Leg Utility Medium Storage Unit Device Heat Sink Storage Medium Storage Unit Processor Signal Interpreter Weapon Assault Rifle Energy Gun Particle Gun Ballistic Gun Assault Rifle Special Weapon Mining Laser Build | -11 -10 -10 ------- Run | Yrd Mat Min Slots Evolved . | . . . Power . | . . . Propulsion . | . . . Utility . | . . . Weapon . | . . . Parts Attached 18 | 6 9 3 Power 2 | 1 1 . Engine 1 | 1 . . Core 1 | . 1 . Reactor . | . . . Propulsion 5 | 2 2 1 Treads 2 | 2 . . Leg 3 | . 2 1 Wheel . | . . . Hover . | . . . Flight . | . . . Utility 5 | 1 4 . Device 2 | . 2 . Storage 2 | 1 1 . Processor 1 | . 1 . Hackware . | . . . Protection . | . . . Artifact . | . . . Weapon 6 | 2 2 2 Energy Gun 2 | . 1 1 Energy Cannon . | . . . Ballistic Gun 3 | 2 1 . Ballistic Cannon . | . . . Launcher . | . . . Special Weapon 1 | . . 1 Impact Weapon . | . . . Slashing Weapon . | . . . Piercing Weapon . | . . . Special Melee Weapon . | . . . Unidentified Prototypes . | . . . Parts Lost 4 | . 2 2 Power 1 | . . 1 Propulsion 1 | . . 1 Utility . | . . . Weapon 2 | . 2 . Highest Loss Streak 2 | . 2 2 To Critical Strikes . | . . . Average Slot Usage (%) 97 | . 96 99 Engine 1 | . 2 . Core 12 | . 11 13 Treads 3 | . 5 . Leg 24 | . 22 27 Device 3 | . 5 . Storage 14 | . 14 14 Processor 8 | . 5 14 Energy Gun 6 | . 7 5 Ballistic Gun 17 | . 20 14 Special Weapon 3 | . . 8 Naked Turns . | . . . Heaviest Build 22 | 11 21 22 Greatest Support 40 | 40 40 25 Greatest Overweight (x) 3 | 3 1 1 Average Overweight (x) . | . . . Largest Inventory Capacity 10 | 8 10 10 Average Capacity 9 | 7 9 10 Most Carried 10 | 4 9 10 Average Carried 8 | 1 7 9 Final Capacity 10 | 8 10 10 Final Carried 10 | 4 9 10 Class Distribution -------------------- 100% | Mutant Dominant Class ---------------- Mutant | -10/Materials Mutant | -10/Mines Resources | -11 -10 -10 ----------- Run | Yrd Mat Min Matter Collected 750 | 227 393 130 Remotely . | . . . Salvage Created 445 | . 393 52 Parts 27 | . 24 3 Haulers Intercepted 1 | . 1 . Recyclers Shooed 1 | . . 1 Parts Field Recycled . | . . . Retrieved Matter . | . . . Parts Self-Destructed . | . . . Prevented . | . . . Kills | -11 -10 -10 ------- Run | Yrd Mat Min Combat Hostiles Destroyed 9 | . 8 1 Guns 9 | . 8 1 Classes Destroyed 5 | . 3 2 Tunneler 1 | . . 1 Hauler 1 | . 1 . Watcher 1 | . 1 . Grunt 8 | . 8 . Sentry 1 | . . 1 Best Kill Streak 6 | . 6 1 Combat Bots Only 6 | . 6 1 Max Kills in Single Turn 1 | . 1 1 Gunslinging . | . . . Exploded . | . . . Melee . | . . . Uniques/NPCs Destroyed . | . . . Combat | -11 -10 -10 -------- Run | Yrd Mat Min Hostile Shots Fired 99 | . 63 36 Missed 39 | . 23 16 Damage Taken 995 | . 487 508 Core 271 | . 119 152 Absorbed by Shields . | . . . Core Remaining (%) 100 | 100 . . Volleys Fired 47 | . 36 11 Largest 2 | . 2 1 Hottest 100 | . 85 100 Shots Fired 81 | . 70 11 Gun 75 | . 70 5 Cannon . | . . . Launcher . | . . . Special 6 | . . 6 Kinetic 67 | . 62 5 Thermal 14 | . 8 6 Explosive . | . . . Electromagnetic . | . . . Robot Hit Streak 14 | . 10 14 Robot Miss Streak 3 | . 3 1 Penetration Max . | . . . Secondary Targets 1 | . 1 . Max Gunslinging Chain 1 | . 1 . Shots Hit Robots 56 | . 52 4 Core Hits 25 | . 22 3 Critical Kills . | . . . Critical Parts Destroyed . | . . . Critical Strikes 1 | . 1 . Burn 1 | . 1 . Melee Attacks . | . . . Impact . | . . . Slashing . | . . . Piercing . | . . . Sneak Attacks . | . . . Combat Hostiles . | . . . Follow-up Attacks . | . . . Damage Inflicted 700 | . 615 85 Guns 660 | . 615 45 Cannons . | . . . Explosions . | . . . Melee . | . . . Ramming 16 | . . 16 Kinetic 535 | . 490 45 Thermal 149 | . 125 24 Explosive . | . . . Electromagnetic . | . . . Impact . | . . . Slashing . | . . . Piercing . | . . . Highest Corruption . | . . . Average Corruption . | . . . Corruption Purged . | . . . Corruption Blocked . | . . . Overload Shots . | . . . Overflow Damage . | . . . Projectiles . | . . . Explosions . | . . . Melee . | . . . Knockbacks . | . . . Impact . | . . . Kinetic . | . . . Secondary . | . . . Self-Inflicted Damage . | . . . Shots . | . . . Rammed . | . . . Targets Rammed 4 | . 1 3 Kicked 4 | . 1 3 Crushed . | . . . Highest Temperature 60 | . 60 56 Average Temperature 17 | . 14 22 Received Heat Transfer 392 | . 303 89 Siege Activations . | . . . Robots Corrupted . | . . . Combat Hostiles . | . . . Parts Fried . | . . . Impact Corruptions . | . . . Robots Melted . | . . . Combat Hostiles . | . . . Parts Melted 1 | . 1 . Heat Transferred 420 | . 370 50 Parts Sabotaged . | . . . Parts Stolen . | . . . Parts Stripped . | . . . Power Chain Reactions . | . . . Alert | -11 -10 -10 ------- Run | Yrd Mat Min Peak Influence 194 | . 194 43 Initial 13 | . . 13 Average 47 | . 72 17 Maximum Alert Level . | . . . Low Security (%) 100 | 100 100 100 Level 1 . | . . . Level 2 . | . . . Level 3 . | . . . Level 4 . | . . . Level 5 . | . . . High Security . | . . . Max Security . | . . . Squads Dispatched 2 | . 2 . Investigation 1 | . 1 . Extermination . | . . . Reinforcement 1 | . 1 . Assault . | . . . Garrison . | . . . Intercept . | . . . Searches Triggered . | . . . Construction Impeded . | . . . Haulers Reinforced . | . . . Active Scanning Responses . | . . . Cargo Convoy Interrupts . | . . . Stealth | -11 -10 -10 --------- Run | Yrd Mat Min Distress Signals 1 | . 1 . Communications Jammed . | . . . Distress Signals . | . . . Times Spotted 42 | . 14 28 Peak Tracking Total 21 | . 8 21 Tactical Retreats 2 | . 1 1 Traps | -11 -10 -10 ------- Run | Yrd Mat Min Traps Triggered . | . . . Indirectly . | . . . Trap Hack Attempts . | . . . Triggered . | . . . Disarmed . | . . . Reprogrammed . | . . . Reused . | . . . Traps Extracted . | . . . Installed . | . . . Triggered . | . . . Machines | -11 -10 -10 ---------- Run | Yrd Mat Min Machines Disabled . | . . . Max in Single Turn . | . . . Machines Repaired . | . . . Machines Dismantled . | . . . Machines Sabotaged . | . . . Overloaded Fab Kills . | . . . Hacking | -11 -10 -10 --------- Run | Yrd Mat Min Machines Accessed 3 | . 3 . Terminals 3 | . 3 . Fabricators . | . . . Repair Stations . | . . . Recycling Units . | . . . Scanalyzers . | . . . Garrison Access . | . . . Total Hacks 9 | . 9 . Successful 4 | . 4 . Failed 5 | . 5 . Catastrophic . | . . . Database Lockouts . | . . . Manual 1 | . 1 . Terminals 9 | . 9 . Fabricators . | . . . Repair Stations . | . . . Recycling Units . | . . . Scanalyzers . | . . . Garrison Access . | . . . Terminal Hacks 4 | . 4 . Prototype ID Bank 1 | . 1 . Alert Level 2 | . 2 . Dispatch Records 1 | . 1 . Fabricator Hacks . | . . . Repair Station Hacks . | . . . Recycling Unit Hacks . | . . . Scanalyzer . | . . . Garrison Access Hacks . | . . . Unauthorized Hacks . | . . . Terminals . | . . . Fabricators . | . . . Repair Stations . | . . . Recycling Units . | . . . Scanalyzers . | . . . Garrison Access . | . . . Data Cores Recovered . | . . . Used . | . . . Hacking Detections 2 | . 2 . Full Trace Events 1 | . 1 . Feedback Events . | . . . Feedback Blocked . | . . . Robot Schematics Acquired . | . . . Robots Built . | . . . Authchips . | . . . Time . | . . . Total Robot Build Rating . | . . . Part Schematics Acquired . | . . . Parts Built . | . . . Authchips . | . . . Time . | . . . Total Part Build Rating . | . . . Parts Repaired . | . . . Time . | . . . Parts Recycled . | . . . Recycled Matter . | . . . Retrieved Matter . | . . . Retrieved Components . | . . . Parts Scanalyzed . | . . . Part Schematics Acquired . | . . . Parts Damaged . | . . . Bothacking | -11 -10 -10 ------------ Run | Yrd Mat Min Used RIF Installer . | . . . Robots Hacked . | . . . Non-combat . | . . . Combat . | . . . Robot Hacks Applied . | . . . Relay Couplers Released . | . . . Fabnet Peak Effective % . | . . . Robots Rewired . | . . . Allies Hacked . | . . . Hacks Repelled . | . . . Allies | -11 -10 -10 -------- Run | Yrd Mat Min Total Allies 1 | . . 1 Largest Group 1 | . . 1 Highest-Rated Group 31 | . . 31 Highest-Rated Ally 31 | . . 31 Total Orders . | . . . Ally Attacks . | . . . Total Damage . | . . . Kills . | . . . Allies Corrupted . | . . . Allies Melted . | . . . Intel | -11 -10 -10 ------- Run | Yrd Mat Min Robot Analysis Total . | . . . Derelict Logs Recovered 1 | . . 1 Drone Launches . | . . . Drone Recoveries . | . . . Exploration | -11 -10 -10 ------------- Run | Yrd Mat Min Turns Passed 1295 | 64 738 493 Spaces Moved 870 | 32 474 364 Core 5 | 5 . . Treads 68 | 27 41 . Legs 797 | . 433 364 Wheels . | . . . Hover . | . . . Flight . | . . . Fastest Speed 50 | 50 120 120 Average Speed 126 | 153 128 120 Slowest Speed 200 | 200 190 190 Overloaded Moves . | . . . Propulsion Burnouts . | . . . Robots Hopped . | . . . Cave-ins Triggered . | . . . Exploration Rate (%) 51 | 4 68 81 Regions Visited 2 Branch Regions 1 Pre-discovered Areas . | . . . Known Exits Taken 1 | . 1 . Unknown Exits Taken 1 | 1 . . Scrap Searched 1 | . . 1 Spaces Dug 5 | . . 5 Terrain Destroyed 5 | . . 5 Melee . | . . . Projectile 5 | . . 5 AOE . | . . . Terrain Rammed . | . . . Walls Destroyed . | . . . Machines Disabled . | . . . Actions | -11 -10 -10 --------- Run | Yrd Mat Min Total 982 | 47 537 398 Wait . | . . . Move 868 | 31 473 364 Hop . | . . . Pick Up 32 | 10 13 9 Fast Attach . | . . . Attach 13 | 6 6 1 Detach . | . . . Swap 5 | . 3 2 Drop 13 | . 5 8 Fire 47 | . 36 11 Melee . | . . . Ram . | . . . Kick 4 | . 1 3 Crush . | . . . Escape Stasis . | . . . Rewire . | . . . Trap . | . . . Miscellaneous . | . . . Route ------- -11/Scrapyard -10/Materials (discovered 4 exits: *Mat x2 / *Min x2) -10/Mines (discovered 1 exit: *Mat) History --------- Turn | Location | Event 25 | -11/Scrapyard | Discovered new exit (range 16) 65 | -11/Scrapyard | Entered Materials 276 | -10/Materials | Discovered new exit (range 9) 288 | -10/Materials | Discovered new exit (range 7) 311 | -10/Materials | Build established: Mutant 526 | -10/Materials | Discovered new exit (range 7) 532 | -10/Materials | Identified exit to Mines 629 | -10/Materials | Identified exit to Materials 676 | -10/Materials | Discovered exit to Materials (range 16) 803 | -10/Materials | Entered Mines 867 | -10/Mines | Learned Materials terminal intel 876 | -10/Mines | Received a Mining Laser from a helpful Derelict 915 | -10/Mines | Received a Rocket Launcher from a helpful Derelict 976 | -10/Mines | Found a damaged Exp. Sensor Array with a note attached 979 | -10/Mines | Found Prototype Device 1134 | -10/Mines | Discovered exit to Materials (range 9) 1139 | -10/Mines | Joined a pair of Derelicts in attacking an 0b10 outpost 1216 | -10/Mines | Assembled infested the area 1227 | -10/Mines | Core integrity fell below 50% 1276 | -10/Mines | Core integrity fell below 20% 1296 | -10/Mines | Destroyed by D-53 Grenadier with Mini Grenade Launcher Last Messages --------------- as-74891 destroyed. as-10593 destroyed. as-21681 destroyed. as-93397 destroyed. The unstable cave ceiling collapses. D-53 Grenadier knocked back. as-88929 destroyed. as-95228 destroyed. as-47336 destroyed. Acquired Propulsion Shielding. U-05 Engineer lays Concrete. U-05 Engineer builds a Wall. U-05 Engineer lays Concrete. U-05 Engineer builds a Wall. K-01 Serf destroyed. U-05 Engineer lays Concrete. Lgt. Nuclear Core destroyed. Carbon-fiber Leg destroyed. U-05 Engineer destroyed. The unstable cave ceiling collapses. Map ----- +----------------------------------------------------+ | ???###++## ########?# ##### #####?#####??????? | | ???#[[ #?# #???# #???### #??????? | | ???# ##### #?# #???# #??## ##?????? | | ???# ##???# ### ##### #?## ##????? | | #### ##????# ### #????? | | < ##?????## ######## #????? | | ## ##??????# #????### ### ##????? | | ##| #??????# ###### # ##?####?????? | | ### ##?????# ##???????????? | | #?## #?????######## #########????? | | #??## #????????????## # ^ #????? | | ###?### ##?????????????##### # # ^#????? | | ##??####??????????????????## #^ # #????? | | " #?????????????????????????### # #????? | | " #???????????????????????????## ##^^ ####?? | | " ##????????????????????????????# ##? | | #?????????????????????????????# #? | | #?????????????????????????????# #? | | #?????????????????????????????# ##? | | ##?????????????????????????????# ####?? | | ###??????????????????????#####??## ##????? | | ????????????????????????## #### ##?????? | | ???????????????????????## #??????? | | ??????????????????????## ##??????? | | ?????????????###????### ###???????? | | ????????????## ##### @ ##?????????? | | ??????????### # # #??????????? | | ????????### # #??????????? | | ##?????## g ##??????????? | | ##????# g!d ###???????????? | | #????# ######?????????????? | | ????## # ##??????????????????? | | #????# ##### #### ##???????????????????? | | ###### #??# #??# ##????????????????????? | | ## # #??# ######?????????????????????? | | #### ### ! ##??# #"#######??????????????????? | | ##?# ### #???# #??????????????????? | | ### ##! ##???######### #??????????????????? | | ##???####?????# #??????????????????? | | #??### ##????# #??????????????????? | | #### ##?## ###### ##############?????? | | #??## ##?## #?????? | | ##???####??# ######## ######### ####??? | | ##??????????# * ##??????# #???????# #??? | | ????????????# ##???????# #???????#### #??? | | ???????????## ##???????## #??????##### #??? | | ??????????## ##???????## ##????## ## #??? | | ?????????## ###???????## ##???# ##?? | | ?????????# ##??????#### ###?# #?? | | ?????????# #??????## #?#### #?? | +----------------------------------------------------+ Best States ------------- Heat Dissipation 35 Energy Generation 14 Energy Capacity 160 Matter Stores 300 Matter Capacity 300 Sight Range 16 Terrain Scan Density 10 Evasion (%) 55 Recoil Reduction 2 Item Schematics ----------------- None Robot Schematics ------------------ None Fabricated ------------ Nothing Alien Tech Used ----------------- None Achievements -------------- Hunted Challenges ------------ None Game ------ Seed DerelictMultinovaProtomatter Manual? 0 Play Time 00:21:45 Cumulative 6.0 hours Start 2024.04.09 @ 19:55:29 End 2024.04.09 @ 20:17:44 Sessions 1 Manual Loads 0 Difficulty Rogue Special Mode None Game No. 5 Rogue 5 Adventurer 0 Explorer 0 Win Type - Total 0 Types 0/0/0/0/0/0/0/0/0 Lore% 6 Gallery% 9 Achievement% 10 Wizard Run 0 Options --------- Layout 0 ASCII 0 Keyboard 0 Movement Numpad Keybinds 0 Fullscreen 1 Font 18/SmallcapsGlow Map View 76x50 Zoom Use 0% Tactical HUD 0 Map Filters NONE Filters NONE Steam 1 RUN: a7e3f7f9-6170-4c0e-b262-cde7df731a8e